Pick #1

Connor Bedard
Pick #2

Leo Carlsson
Pick #3

Adam Fantilli
Pick #4

Matvei Michkov
Pick #5

David Reinbacher
Pick #6

William Smith
Pick #7

Zachary Benson
Pick #8

Ryan Leonard
Pick #9

Gabriel Perreault
Pick #10

Axel Sandin-Pellika
Pick #11

Daniil But
Pick #12

Dalibor Dvorsky
Pick #13

Quentin Musty
Pick #14

Brayden Yager
Pick #15

Dmitry Simashev
Pick #16

Colby Barlow
Pick #17

Andrew Cristall
Pick #18

Easton Cowan
Pick #19

Jacob Fowler
Pick #20

Oliver Moore
Pick #21

Oliver Bonk
Pick #22

Tom Willander
Pick #23

Calum Ritchie
Pick #24

Tanner Molendyk
Pick #25

Gavin Brindley
Pick #26

Nate Danielson
Pick #27

Pick #28

Pick #29

Pick #30

Pick #31

Pick #32

Pick #33

Pick #34

Pick #35

Pick #36

Pick #37

Pick #38

Pick #39

Pick #40

Pick #41

Pick #42

Pick #43

Pick #44

Pick #45

Pick #46

Pick #47

Pick #48

Pick #49

Pick #50

Pick #51

Pick #52

Pick #53

Pick #54

Pick #55

Pick #56

Pick #57

Pick #58

Pick #59

Pick #60

Pick #61

Pick #62

Pick #63

Pick #64

Pick #65

Pick #66

Pick #67

Pick #68

Pick #69

Pick #70

Pick #71

Pick #72

Pick #73

Pick #74

Pick #75

Pick #76

Pick #77

Pick #78

Pick #79

Pick #80

Pick #81

Pick #82

Pick #83

Pick #84

Pick #85

Pick #86

Pick #87

Pick #88

Pick #89

Pick #90

Pick #91

Pick #92

Pick #93

Pick #94

Pick #95

Pick #96

Pick #97

Pick #98

Pick #99

Pick #100

Pick #101

Pick #102

Pick #103

Pick #104

Pick #105

Pick #106

Pick #107

Pick #108

Pick #109

Pick #110

Pick #111

Pick #112

Pick #113

Pick #114

Pick #115

Pick #116

Pick #117

Pick #118

Pick #119

Pick #120

Pick #121

Pick #122

Pick #123

Pick #124

Pick #125

Pick #126

Pick #127

Pick #128

Pick #129

Pick #130

Full Scoreboard »»

Islanders vs Canadiens

Created - February 21, 2024 at 20:57

Goals
1 2 3 T
Islanders 1 2 1 4
Canadiens 2 3 0 5
Shots
1 2 3 T
Islanders 5 8 16 29
Canadiens 15 11 5 31

GoalsPenalties
1st period
1. Canadiens , Lars Eller 12 (Pierre-Olivier Joseph 9) at 3:45
2. Canadiens , Valeri Nichushkin 16 (Ryan O'Reilly 30, Filip Forsberg 24) at 7:02
3. Islanders , Chandler Stephenson 16 (Shea Theodore 30, Michael Bunting 9) at 19:43
Mikael Granlund (NYI) for Roughing (Minor) at 1:27
Jaycob Megna (NYI) for High sticking (Minor) at 9:03
2nd period
4. Canadiens , Valeri Nichushkin 17 (Ivan Provorov 22, Ryan O'Reilly 31) at 0:41
5. Canadiens , Ryan O'Reilly 17 (Filip Forsberg 25, Jaccob Slavin 28) at 3:57
6. Islanders , Jaycob Megna 2 (Mason Marchment 12, Juuso Valimaki 5) at 8:30
7. Islanders , Pavel Buchnevich 14 (Jon Marchessault 26, Matt Duchene 23) at 18:19
8. Canadiens , Leon Draisaitl 24 (Teuvo Teravainen 20, Trevor van Riemsdyk 11) at 19:28
No Penalty
3rd period
9. Islanders , Connor McDavid 28 (Pavel Buchnevich 20, Shayne Gostisbehere 23) at 6:30 (PP)
Trevor van Riemsdyk (MTL) for Interference (Minor) at 4:54
Anthony Mantha (MTL) for Holding (Minor) at 7:34
Goalie Stats
John Gibson (NYI), 13 saves from 17 shots - (0.765), 23:57 minutes
Ville Husso (NYI), 13 saves from 14 shots - (0.929), L, 26-13-3, 34:50 minutes
Elvis Merzlikins (MTL), 25 saves from 29 shots - (0.862), W, 11-12-2, 60:00 minutes
3 StarsOfficial
1 - Valeri Nichushkin (MTL)
2 - Ryan O'Reilly (MTL)
3 - Pierre-Olivier Joseph (MTL)
Referees : Terry Koharski and Garrett Rank
Linesman : Julien Fournier and Kiel Murchison
Game Note
Ville Husso enters game at 3:57 of 2nd period
Finance
Level 1 -- Attendance: 5520 (84.92%) -- Ticket Income $662,400
Level 2 -- Attendance: 5000 (100.00%) -- Ticket Income $425,000
Level 3 -- Attendance: 2965 (84.71%) -- Ticket Income $192,725
Level 4 -- Attendance: 3147 (59.52%) -- Ticket Income $62,940
Luxury Box -- Attendance: 921 (92.10%) -- Ticket Income $202,620
Game was played at the Bell Centre.
Total Attendance: 17553 (82.46%)
Total Ticket Income: $1,545,685
Other Income: $386,421
Total Income: $1,932,106



Team Name Goals Shots Shots Attemp Shots Blocked PIM HIT PP PK FO%
Islanders 42950114131 / 2 (50%)051%
Canadiens 53163104240 / 2 (0%)149%

Islanders
Player Name POS G A P +/- PIM HIT SHT SB MP PP MP PP SHT PK MP PK SHT FO% FOT
Brent BurnsD000-1010024:291:1401:4000% 0
Chandler StephensonC1010014015:230:0001:55050% 22
Connor McDavidC101-2024019:382:2110:00033% 24
Evgeny KuznetsovC000-2022017:521:1400:000100% 1
Jake GuentzelLW000-2001119:382:2110:000100% 1
Jaycob MegnaD1010201111:210:0000:0000% 0
Jean-Gabriel PageauC000001106:340:0002:03058% 12
Jon MarchessaultLW/RW0110023018:251:1400:000100% 1
Justin HollD000-1010421:340:0002:1800% 0
Juuso ValimakiD0110000016:582:2100:0000% 0
Mason MarchmentLW011000304:310:0000:000100% 1
Matt DucheneC0110002119:041:1410:00056% 18
Michael BuntingLW0110012113:280:0000:000100% 2
Mikael GranlundC0000201014:290:0001:020100% 1
Pavel BuchnevichLW1120021020:252:2100:5300% 0
Shayne GostisbehereD011-1002221:082:2112:1800% 0
Shea TheodoreD011-1000124:291:1401:4000% 0
Tanner JeannotLW000000206:340:0002:0300% 1
Canadiens
Player Name POS G A P +/- PIM HIT SHT SB MP PP MP PP SHT PK MP PK SHT FO% FOT
Alex GoligoskiD0000000119:072:1801:5800% 0
Alexander KerfootC0001000115:470:0002:39050% 4
Anthony ManthaRW000020107:370:0000:0000% 2
Artturi LehkonenLW0001043018:431:5900:56050% 2
Brendan GallagherRW000002307:380:0000:000100% 1
Brendan GaunceC000000107:380:0000:00045% 11
Daniel SprongRW0001000113:080:0000:0000% 0
Filip ForsbergLW0220022017:521:5900:0000% 1
Ivan ProvorovD0111012123:571:4021:3700% 0
Jaccob SlavinD0111001123:571:4011:3700% 0
Lars EllerC1011012013:310:0000:23050% 16
Leon DraisaitlC1011014017:471:5900:00045% 22
Pierre-Olivier JosephD0112071013:030:0000:0000% 0
Ryan O'ReillyC1230004018:501:5910:33057% 23
Ryan SuterD000-1000323:002:1801:5800% 0
Teuvo TeravainenLW0111013017:221:5900:00050% 2
Trevor van RiemsdykD0111210216:550:0000:0000% 0
Valeri NichushkinRW2020044020:311:5902:3900% 0



Play-by-Play

1st period


0:01 of 1st period - Leon Draisaitl wins face-off versus Connor McDavid in neutral zone.
0:04 of 1st period - Shot by Artturi Lehkonen.
0:04 of 1st period - Shot Misses the Net.
0:12 of 1st period - Shot by Ivan Provorov.
0:12 of 1st period - Shot Misses the Net.
0:38 of 1st period - Shot by Leon Draisaitl.
0:38 of 1st period - Deflect By Teuvo Teravainen.
0:38 of 1st period - Shot Misses the Net.
1:22 of 1st period - Shot by Valeri Nichushkin.
1:22 of 1st period - Stopped by John Gibson without a rebound.
1:23 of 1st period - Lars Eller wins face-off versus Chandler Stephenson in Islanders zone.
1:27 of 1st period - Minor Penalty to Mikael Granlund for Roughing.
1:28 of 1st period - Jean-Gabriel Pageau wins face-off versus Ryan O'Reilly in Islanders zone.
1:37 of 1st period - Shot by Filip Forsberg.
1:37 of 1st period - Shot Misses the Net.
1:39 of 1st period - Shot by Valeri Nichushkin.
1:39 of 1st period - Shot Blocked by Shea Theodore.
2:21 of 1st period - Shot by Ivan Provorov.
2:21 of 1st period - Stopped by John Gibson without a rebound.
2:22 of 1st period - Jean-Gabriel Pageau wins face-off versus Leon Draisaitl in Islanders zone.
3:05 of 1st period - Shot by Ivan Provorov.
3:05 of 1st period - Stopped by John Gibson without a rebound.
3:06 of 1st period - Ryan O'Reilly wins face-off versus Jean-Gabriel Pageau in Islanders zone.
3:43 of 1st period - Shot by Pierre-Olivier Joseph.
3:43 of 1st period - Shot Blocked by Jaycob Megna.
3:45 of 1st period - Shot by Lars Eller.
3:45 of 1st period - Goal by Lars Eller - Islanders : 0 - Canadiens : 1.
3:46 of 1st period - Brendan Gaunce wins face-off versus Chandler Stephenson in neutral zone.
3:51 of 1st period - Shot by Brendan Gallagher.
3:51 of 1st period - Stopped by John Gibson with a rebound.
3:53 of 1st period - Shot by Anthony Mantha.
3:53 of 1st period - Stopped by John Gibson with a rebound.
4:12 of 1st period - Icing by Ivan Provorov.
4:13 of 1st period - Brendan Gallagher wins face-off versus Matt Duchene in Canadiens zone.
4:22 of 1st period - Brent Burns is hit by Brendan Gallagher and loses puck.
4:53 of 1st period - Shot by Ryan O'Reilly.
4:53 of 1st period - Shot Blocked by Matt Duchene.
5:36 of 1st period - Icing by Juuso Valimaki.
5:37 of 1st period - Chandler Stephenson wins face-off versus Lars Eller in Islanders zone.
6:16 of 1st period - Off-side.
6:17 of 1st period - Leon Draisaitl wins face-off versus Connor McDavid in neutral zone.
6:22 of 1st period - Shot by Ivan Provorov.
6:22 of 1st period - Shot Misses the Net.
6:24 of 1st period - Shot by Ivan Provorov.
6:24 of 1st period - Shot Blocked by Justin Holl.
6:42 of 1st period - Shot by Leon Draisaitl.
6:42 of 1st period - Shot Misses the Net.
6:44 of 1st period - Shot by Leon Draisaitl.
6:44 of 1st period - Shot Blocked by Justin Holl.
6:46 of 1st period - Shot by Artturi Lehkonen.
6:46 of 1st period - Stopped by John Gibson without a rebound.
6:47 of 1st period - Ryan O'Reilly wins face-off versus Jean-Gabriel Pageau in Islanders zone.
7:02 of 1st period - Shot by Valeri Nichushkin.
7:02 of 1st period - Goal by Valeri Nichushkin - Islanders : 0 - Canadiens : 2.
7:03 of 1st period - Matt Duchene wins face-off versus Lars Eller in neutral zone.
7:12 of 1st period - Alexander Kerfoot is hit by Jon Marchessault and loses puck.
7:26 of 1st period - Shot by Jon Marchessault.
7:26 of 1st period - Shot Misses the Net.
7:38 of 1st period - Shot by Jon Marchessault.
7:38 of 1st period - Stopped by Elvis Merzlikins with a rebound.
7:40 of 1st period - Shot by Matt Duchene.
7:40 of 1st period - Shot Blocked by Trevor van Riemsdyk.
7:42 of 1st period - Shot by Matt Duchene.
7:42 of 1st period - Shot Misses the Net.
7:46 of 1st period - Shot by Matt Duchene.
7:46 of 1st period - Shot Blocked by Trevor van Riemsdyk.
8:48 of 1st period - Shot by Michael Bunting.
8:48 of 1st period - Stopped by Elvis Merzlikins without a rebound.
8:49 of 1st period - Jean-Gabriel Pageau wins face-off versus Filip Forsberg in Canadiens zone.
9:03 of 1st period - Minor Penalty to Jaycob Megna for High sticking.
9:04 of 1st period - Jean-Gabriel Pageau wins face-off versus Leon Draisaitl in Islanders zone.
10:12 of 1st period - Shot by Jaccob Slavin.
10:12 of 1st period - Stopped by John Gibson with a rebound.
10:34 of 1st period - Shot by Ryan O'Reilly.
10:34 of 1st period - Stopped by John Gibson with a rebound.
10:56 of 1st period - Shot by Teuvo Teravainen.
10:56 of 1st period - Shot Hit the Post.
10:58 of 1st period - Shot by Alex Goligoski.
10:58 of 1st period - Shot Misses the Net.
11:00 of 1st period - Shot by Alex Goligoski.
11:00 of 1st period - Shot Hit the Post.
11:02 of 1st period - Shot by Artturi Lehkonen.
11:02 of 1st period - Shot Misses the Net.
11:20 of 1st period - Shot by Brendan Gallagher.
11:20 of 1st period - Shot Misses the Net.
11:27 of 1st period - Jon Marchessault is hit by Brendan Gallagher and loses puck.
11:31 of 1st period - Jaycob Megna is hit by Pierre-Olivier Joseph and loses puck.
11:37 of 1st period - Jon Marchessault is hit by Pierre-Olivier Joseph and loses puck.
12:23 of 1st period - Off-side.
12:24 of 1st period - Artturi Lehkonen wins face-off versus Connor McDavid in neutral zone.
12:24 of 1st period - Alex Goligoski is hit by Connor McDavid and loses puck.
12:31 of 1st period - Shot by Artturi Lehkonen.
12:31 of 1st period - Stopped by John Gibson with a rebound.
12:33 of 1st period - Shot by Leon Draisaitl.
12:33 of 1st period - Stopped by John Gibson without a rebound.
12:34 of 1st period - Ryan O'Reilly wins face-off versus Chandler Stephenson in Islanders zone.
12:38 of 1st period - Icing by Shea Theodore.
12:39 of 1st period - Chandler Stephenson wins face-off versus Ryan O'Reilly in Islanders zone.
12:39 of 1st period - Chandler Stephenson is hit by Valeri Nichushkin.
12:53 of 1st period - Shot by Michael Bunting.
12:53 of 1st period - Stopped by Elvis Merzlikins without a rebound.
12:54 of 1st period - Leon Draisaitl wins face-off versus Connor McDavid in Canadiens zone.
14:23 of 1st period - Shot by Ryan O'Reilly.
14:23 of 1st period - Stopped by John Gibson without a rebound.
14:24 of 1st period - Matt Duchene wins face-off versus Lars Eller in Islanders zone.
15:02 of 1st period - Icing by Jon Marchessault.
15:03 of 1st period - Matt Duchene wins face-off versus Ryan O'Reilly in Islanders zone.
15:03 of 1st period - Matt Duchene is hit by Filip Forsberg.
15:09 of 1st period - Valeri Nichushkin is hit by Pavel Buchnevich and loses puck.
15:51 of 1st period - Off-side.
15:52 of 1st period - Leon Draisaitl wins face-off versus Chandler Stephenson in neutral zone.
16:19 of 1st period - Shot by Ivan Provorov.
16:19 of 1st period - Shot Blocked by Justin Holl.
16:21 of 1st period - Shot by Teuvo Teravainen.
16:21 of 1st period - Stopped by John Gibson without a rebound.
16:22 of 1st period - Connor McDavid wins face-off versus Anthony Mantha in Islanders zone.
16:42 of 1st period - Shot by Anthony Mantha.
16:42 of 1st period - Shot Misses the Net.
17:09 of 1st period - Icing by Shea Theodore.
17:10 of 1st period - Ryan O'Reilly wins face-off versus Connor McDavid in Islanders zone.
17:16 of 1st period - Icing by Shea Theodore.
17:17 of 1st period - Connor McDavid wins face-off versus Ryan O'Reilly in Islanders zone.
17:54 of 1st period - Shot by Mason Marchment.
17:54 of 1st period - Shot Blocked by Jaccob Slavin.
17:56 of 1st period - Shot by Jean-Gabriel Pageau.
17:56 of 1st period - Stopped by Elvis Merzlikins without a rebound.
17:57 of 1st period - Chandler Stephenson wins face-off versus Leon Draisaitl in Canadiens zone.
18:12 of 1st period - Off-side.
18:13 of 1st period - Matt Duchene wins face-off versus Lars Eller in neutral zone.
19:21 of 1st period - Leon Draisaitl is hit by Brent Burns and loses puck.
19:24 of 1st period - Shot by Leon Draisaitl.
19:24 of 1st period - Stopped by John Gibson without a rebound.
19:25 of 1st period - Michael Bunting wins face-off versus Ryan O'Reilly in Islanders zone.
19:25 of 1st period - Michael Bunting is hit by Filip Forsberg.
19:43 of 1st period - Shot by Chandler Stephenson.
19:43 of 1st period - Goal by Chandler Stephenson - Islanders : 1 - Canadiens : 2.
19:44 of 1st period - Leon Draisaitl wins face-off versus Connor McDavid in neutral zone.
Goals for this period are 1 for Islanders vs 2 for Canadiens.
Shots for this period are 5 for Islanders vs 15 for Canadiens.

2nd period


0:01 of 2nd period - Chandler Stephenson wins face-off versus Artturi Lehkonen in neutral zone.
0:22 of 2nd period - Shot by Chandler Stephenson.
0:22 of 2nd period - Deflect By Mikael Granlund.
0:22 of 2nd period - Stopped by Elvis Merzlikins without a rebound.
0:23 of 2nd period - Ryan O'Reilly wins face-off versus Connor McDavid in Canadiens zone.
0:32 of 2nd period - Justin Holl is hit by Valeri Nichushkin and loses puck.
0:41 of 2nd period - Shot by Valeri Nichushkin.
0:41 of 2nd period - Goal by Valeri Nichushkin - Islanders : 1 - Canadiens : 3.
0:42 of 2nd period - Jean-Gabriel Pageau wins face-off versus Teuvo Teravainen in neutral zone.
0:56 of 2nd period - Icing by Alex Goligoski.
0:57 of 2nd period - Leon Draisaitl wins face-off versus Connor McDavid in Canadiens zone.
1:32 of 2nd period - Shot by Leon Draisaitl.
1:32 of 2nd period - Deflect By Teuvo Teravainen.
1:32 of 2nd period - Shot Misses the Net.
1:39 of 2nd period - Connor McDavid is hit by Artturi Lehkonen and loses puck.
2:17 of 2nd period - Icing by Shea Theodore.
2:18 of 2nd period - Lars Eller wins face-off versus Matt Duchene in Islanders zone.
2:24 of 2nd period - Off-side.
2:25 of 2nd period - Lars Eller wins face-off versus Chandler Stephenson in neutral zone.
2:37 of 2nd period - Michael Bunting is hit by Pierre-Olivier Joseph and loses puck.
3:12 of 2nd period - Icing by Mikael Granlund.
3:13 of 2nd period - Mikael Granlund wins face-off versus Ryan O'Reilly in Islanders zone.
3:57 of 2nd period - Shot by Ryan O'Reilly.
3:57 of 2nd period - Goal by Ryan O'Reilly - Islanders : 1 - Canadiens : 4.
3:57 of 2nd period - Ville Husso enters game.
3:58 of 2nd period - Matt Duchene wins face-off versus Leon Draisaitl in neutral zone.
4:07 of 2nd period - Shot by Matt Duchene.
4:07 of 2nd period - Shot Hit the Post.
4:26 of 2nd period - Shot by Shea Theodore.
4:26 of 2nd period - Shot Blocked by Ryan Suter.
4:50 of 2nd period - Icing by Brent Burns.
4:51 of 2nd period - Matt Duchene wins face-off versus Ryan O'Reilly in Islanders zone.
5:08 of 2nd period - Shayne Gostisbehere is hit by Valeri Nichushkin and loses puck.
5:35 of 2nd period - Shot by Valeri Nichushkin.
5:35 of 2nd period - Shot Misses the Net.
5:37 of 2nd period - Shot by Ivan Provorov.
5:37 of 2nd period - Shot Blocked by Justin Holl.
6:01 of 2nd period - Shot by Brendan Gaunce.
6:01 of 2nd period - Shot Blocked by Jake Guentzel.
6:03 of 2nd period - Shot by Pierre-Olivier Joseph.
6:03 of 2nd period - Deflect By Brendan Gallagher.
6:03 of 2nd period - Shot Misses the Net.
6:35 of 2nd period - Evgeny Kuznetsov is hit by Teuvo Teravainen and loses puck.
7:00 of 2nd period - Shot by Teuvo Teravainen.
7:00 of 2nd period - Stopped by Ville Husso without a rebound.
7:01 of 2nd period - Jean-Gabriel Pageau wins face-off versus Lars Eller in Islanders zone.
7:01 of 2nd period - Jean-Gabriel Pageau is hit by Lars Eller.
7:12 of 2nd period - Icing by Jaccob Slavin.
7:13 of 2nd period - Lars Eller wins face-off versus Matt Duchene in Canadiens zone.
7:48 of 2nd period - Shot by Jon Marchessault.
7:48 of 2nd period - Shot Blocked by Ivan Provorov.
8:18 of 2nd period - Shot by Mason Marchment.
8:18 of 2nd period - Shot Blocked by Ryan Suter.
8:28 of 2nd period - Shot by Mason Marchment.
8:28 of 2nd period - Shot Misses the Net.
8:30 of 2nd period - Shot by Jaycob Megna.
8:30 of 2nd period - Goal by Jaycob Megna - Islanders : 2 - Canadiens : 4.
8:31 of 2nd period - Chandler Stephenson wins face-off versus Leon Draisaitl in neutral zone.
8:40 of 2nd period - Shot by Chandler Stephenson.
8:40 of 2nd period - Stopped by Elvis Merzlikins without a rebound.
8:41 of 2nd period - Chandler Stephenson wins face-off versus Ryan O'Reilly in Canadiens zone.
8:52 of 2nd period - Shot by Filip Forsberg.
8:52 of 2nd period - Shot Blocked by Michael Bunting.
9:50 of 2nd period - Shot by Jon Marchessault.
9:50 of 2nd period - Shot Misses the Net.
10:10 of 2nd period - Shot by Matt Duchene.
10:10 of 2nd period - Stopped by Elvis Merzlikins without a rebound.
10:11 of 2nd period - Brendan Gaunce wins face-off versus Connor McDavid in Canadiens zone.
10:13 of 2nd period - Icing by Alex Goligoski.
10:14 of 2nd period - Connor McDavid wins face-off versus Brendan Gaunce in Canadiens zone.
10:20 of 2nd period - Icing by Ryan Suter.
10:21 of 2nd period - Brendan Gaunce wins face-off versus Jean-Gabriel Pageau in Canadiens zone.
10:42 of 2nd period - Shot by Tanner Jeannot.
10:42 of 2nd period - Stopped by Elvis Merzlikins without a rebound.
10:43 of 2nd period - Leon Draisaitl wins face-off versus Connor McDavid in Canadiens zone.
12:00 of 2nd period - Ryan O'Reilly is hit by Jon Marchessault and loses puck.
12:29 of 2nd period - Shot by Valeri Nichushkin.
12:29 of 2nd period - Shot Misses the Net.
12:48 of 2nd period - Shea Theodore is hit by Pierre-Olivier Joseph and loses puck.
12:57 of 2nd period - Shot by Daniel Sprong.
12:57 of 2nd period - Deflect By Lars Eller.
12:57 of 2nd period - Stopped by Ville Husso with a rebound.
13:25 of 2nd period - Shot by Pierre-Olivier Joseph.
13:25 of 2nd period - Stopped by Ville Husso without a rebound.
13:26 of 2nd period - Chandler Stephenson wins face-off versus Brendan Gaunce in Islanders zone.
14:07 of 2nd period - Shot by Brendan Gallagher.
14:07 of 2nd period - Stopped by Ville Husso without a rebound.
14:08 of 2nd period - Ryan O'Reilly wins face-off versus Connor McDavid in Islanders zone.
14:31 of 2nd period - Shot by Filip Forsberg.
14:31 of 2nd period - Stopped by Ville Husso without a rebound.
14:32 of 2nd period - Leon Draisaitl wins face-off versus Tanner Jeannot in Islanders zone.
14:47 of 2nd period - Shot by Artturi Lehkonen.
14:47 of 2nd period - Stopped by Ville Husso with a rebound.
14:49 of 2nd period - Shot by Leon Draisaitl.
14:49 of 2nd period - Stopped by Ville Husso without a rebound.
14:50 of 2nd period - Lars Eller wins face-off versus Chandler Stephenson in Islanders zone.
16:19 of 2nd period - Icing by Trevor van Riemsdyk.
16:20 of 2nd period - Mason Marchment wins face-off versus Leon Draisaitl in Canadiens zone.
16:53 of 2nd period - Icing by Jean-Gabriel Pageau.
16:54 of 2nd period - Ryan O'Reilly wins face-off versus Jean-Gabriel Pageau in Islanders zone.
17:09 of 2nd period - Shot by Mason Marchment.
17:09 of 2nd period - Stopped by Elvis Merzlikins without a rebound.
17:10 of 2nd period - Evgeny Kuznetsov wins face-off versus Lars Eller in Canadiens zone.
17:31 of 2nd period - Shot by Connor McDavid.
17:31 of 2nd period - Shot Misses the Net.
18:19 of 2nd period - Shot by Jon Marchessault.
18:19 of 2nd period - Deflect By Pavel Buchnevich.
18:19 of 2nd period - Goal by Pavel Buchnevich - Islanders : 3 - Canadiens : 4.
18:20 of 2nd period - Ryan O'Reilly wins face-off versus Chandler Stephenson in neutral zone.
18:42 of 2nd period - Shot by Filip Forsberg.
18:42 of 2nd period - Shot Misses the Net.
18:59 of 2nd period - Shot by Filip Forsberg.
18:59 of 2nd period - Shot Blocked by Shayne Gostisbehere.
19:12 of 2nd period - Off-side.
19:13 of 2nd period - Jon Marchessault wins face-off versus Leon Draisaitl in neutral zone.
19:24 of 2nd period - Shot by Teuvo Teravainen.
19:24 of 2nd period - Stopped by Ville Husso with a rebound.
19:26 of 2nd period - Shot by Teuvo Teravainen.
19:26 of 2nd period - Shot Misses the Net.
19:28 of 2nd period - Shot by Leon Draisaitl.
19:28 of 2nd period - Goal by Leon Draisaitl - Islanders : 3 - Canadiens : 5.
19:29 of 2nd period - Connor McDavid wins face-off versus Brendan Gaunce in neutral zone.
19:38 of 2nd period - Shot by Evgeny Kuznetsov.
19:38 of 2nd period - Stopped by Elvis Merzlikins without a rebound.
19:39 of 2nd period - Matt Duchene wins face-off versus Leon Draisaitl in Canadiens zone.
19:55 of 2nd period - Pavel Buchnevich is hit by Pierre-Olivier Joseph and loses puck.
Goals for this period are 2 for Islanders vs 3 for Canadiens.
Shots for this period are 8 for Islanders vs 11 for Canadiens.

3rd period


0:01 of 3rd period - Jake Guentzel wins face-off versus Ryan O'Reilly in neutral zone.
0:04 of 3rd period - Shot by Connor McDavid.
0:04 of 3rd period - Shot Blocked by Alex Goligoski.
0:06 of 3rd period - Shot by Jake Guentzel.
0:06 of 3rd period - Deflect By Connor McDavid.
0:06 of 3rd period - Shot Misses the Net.
0:08 of 3rd period - Shot by Connor McDavid.
0:08 of 3rd period - Stopped by Elvis Merzlikins without a rebound.
0:09 of 3rd period - Ryan O'Reilly wins face-off versus Matt Duchene in Canadiens zone.
1:01 of 3rd period - Off-side.
1:02 of 3rd period - Connor McDavid wins face-off versus Leon Draisaitl in neutral zone.
1:02 of 3rd period - Brent Burns is hit by Artturi Lehkonen and loses puck.
1:20 of 3rd period - Icing by Teuvo Teravainen.
1:21 of 3rd period - Chandler Stephenson wins face-off versus Leon Draisaitl in Canadiens zone.
1:39 of 3rd period - Icing by Shea Theodore.
1:40 of 3rd period - Chandler Stephenson wins face-off versus Anthony Mantha in Islanders zone.
1:47 of 3rd period - Trevor van Riemsdyk is hit by Michael Bunting.
1:48 of 3rd period - Icing by Trevor van Riemsdyk.
1:49 of 3rd period - Connor McDavid wins face-off versus Brendan Gaunce in Canadiens zone.
1:58 of 3rd period - Shot by Jake Guentzel.
1:58 of 3rd period - Deflect By Connor McDavid.
1:58 of 3rd period - Shot Blocked by Ryan Suter.
3:41 of 3rd period - Shot by Chandler Stephenson.
3:41 of 3rd period - Stopped by Elvis Merzlikins without a rebound.
3:42 of 3rd period - Jean-Gabriel Pageau wins face-off versus Lars Eller in Canadiens zone.
3:47 of 3rd period - Shot by Jean-Gabriel Pageau.
3:47 of 3rd period - Deflect By Mason Marchment.
3:47 of 3rd period - Stopped by Elvis Merzlikins without a rebound.
3:48 of 3rd period - Chandler Stephenson wins face-off versus Leon Draisaitl in Canadiens zone.
3:48 of 3rd period - Chandler Stephenson is hit by Pierre-Olivier Joseph.
3:59 of 3rd period - Icing by Pierre-Olivier Joseph.
4:00 of 3rd period - Leon Draisaitl wins face-off versus Connor McDavid in Canadiens zone.
4:16 of 3rd period - Trevor van Riemsdyk is hit by Evgeny Kuznetsov and loses puck.
4:31 of 3rd period - Icing by Trevor van Riemsdyk.
4:32 of 3rd period - Teuvo Teravainen wins face-off versus Chandler Stephenson in Canadiens zone.
4:54 of 3rd period - Minor Penalty to Trevor van Riemsdyk for Interference.
4:55 of 3rd period - Alexander Kerfoot wins face-off versus Connor McDavid in Canadiens zone.
5:30 of 3rd period - Shot by Shayne Gostisbehere.
5:30 of 3rd period - Stopped by Elvis Merzlikins without a rebound.
5:31 of 3rd period - Alexander Kerfoot wins face-off versus Matt Duchene in Canadiens zone.
5:44 of 3rd period - Ivan Provorov is hit by Evgeny Kuznetsov and loses puck.
5:55 of 3rd period - Shot by Matt Duchene.
5:55 of 3rd period - Stopped by Elvis Merzlikins without a rebound.
5:56 of 3rd period - Lars Eller wins face-off versus Connor McDavid in Canadiens zone.
6:30 of 3rd period - Shot by Pavel Buchnevich.
6:30 of 3rd period - Deflect By Connor McDavid.
6:30 of 3rd period - Goal by Connor McDavid - Islanders : 4 - Canadiens : 5.
6:31 of 3rd period - Chandler Stephenson wins face-off versus Leon Draisaitl in neutral zone.
7:01 of 3rd period - Shot by Ivan Provorov.
7:01 of 3rd period - Shot Hit the Post.
7:34 of 3rd period - Minor Penalty to Anthony Mantha for Holding.
7:35 of 3rd period - Connor McDavid wins face-off versus Alexander Kerfoot in Canadiens zone.
7:56 of 3rd period - Ryan Suter is hit by Connor McDavid and loses puck.
8:17 of 3rd period - Shot by Jake Guentzel.
8:17 of 3rd period - Stopped by Elvis Merzlikins without a rebound.
8:18 of 3rd period - Matt Duchene wins face-off versus Lars Eller in Canadiens zone.
9:27 of 3rd period - Pavel Buchnevich is hit by Artturi Lehkonen and loses puck.
9:44 of 3rd period - Shot by Mason Marchment.
9:44 of 3rd period - Deflect By Jean-Gabriel Pageau.
9:44 of 3rd period - Shot Misses the Net.
9:46 of 3rd period - Shot by Tanner Jeannot.
9:46 of 3rd period - Stopped by Elvis Merzlikins without a rebound.
9:47 of 3rd period - Michael Bunting wins face-off versus Brendan Gaunce in Canadiens zone.
9:50 of 3rd period - Shot by Mikael Granlund.
9:50 of 3rd period - Deflect By Chandler Stephenson.
9:50 of 3rd period - Stopped by Elvis Merzlikins without a rebound.
9:51 of 3rd period - Brendan Gaunce wins face-off versus Chandler Stephenson in Canadiens zone.
9:51 of 3rd period - Brendan Gaunce is hit by Chandler Stephenson.
10:09 of 3rd period - Shot by Brendan Gallagher.
10:09 of 3rd period - Stopped by Ville Husso without a rebound.
10:10 of 3rd period - Ryan O'Reilly wins face-off versus Matt Duchene in Islanders zone.
10:47 of 3rd period - Shot by Jon Marchessault.
10:47 of 3rd period - Stopped by Elvis Merzlikins without a rebound.
10:48 of 3rd period - Lars Eller wins face-off versus Connor McDavid in Canadiens zone.
11:50 of 3rd period - Brent Burns is hit by Pierre-Olivier Joseph and loses puck.
12:03 of 3rd period - Shayne Gostisbehere is hit by Leon Draisaitl and loses puck.
12:09 of 3rd period - Icing by Shayne Gostisbehere.
12:10 of 3rd period - Ryan O'Reilly wins face-off versus Matt Duchene in Islanders zone.
12:23 of 3rd period - Shot by Valeri Nichushkin.
12:23 of 3rd period - Stopped by Ville Husso without a rebound.
12:24 of 3rd period - Brendan Gaunce wins face-off versus Chandler Stephenson in Islanders zone.
12:27 of 3rd period - Shot by Brendan Gaunce.
12:27 of 3rd period - Stopped by Ville Husso without a rebound.
12:28 of 3rd period - Matt Duchene wins face-off versus Ryan O'Reilly in Islanders zone.
12:37 of 3rd period - Shot by Jon Marchessault.
12:37 of 3rd period - Stopped by Elvis Merzlikins with a rebound.
12:39 of 3rd period - Shot by Shayne Gostisbehere.
12:39 of 3rd period - Shot Misses the Net.
13:37 of 3rd period - Shot by Jake Guentzel.
13:37 of 3rd period - Shot Misses the Net.
13:39 of 3rd period - Shot by Connor McDavid.
13:39 of 3rd period - Stopped by Elvis Merzlikins with a rebound.
13:41 of 3rd period - Shot by Evgeny Kuznetsov.
13:41 of 3rd period - Shot Blocked by Alexander Kerfoot.
13:43 of 3rd period - Shot by Connor McDavid.
13:43 of 3rd period - Shot Misses the Net.
13:52 of 3rd period - Jake Guentzel is hit by Ivan Provorov.
14:46 of 3rd period - Mikael Granlund is hit by Artturi Lehkonen and loses puck.
15:06 of 3rd period - Michael Bunting is hit by Trevor van Riemsdyk and loses puck.
15:14 of 3rd period - Icing by Teuvo Teravainen.
15:15 of 3rd period - Leon Draisaitl wins face-off versus Matt Duchene in Canadiens zone.
15:15 of 3rd period - Leon Draisaitl is hit by Pavel Buchnevich.
15:49 of 3rd period - Shot by Valeri Nichushkin.
15:49 of 3rd period - Deflect By Filip Forsberg.
15:49 of 3rd period - Stopped by Ville Husso with a rebound.
15:51 of 3rd period - Shot by Ryan O'Reilly.
15:51 of 3rd period - Shot Blocked by Shayne Gostisbehere.
15:56 of 3rd period - Icing by Shayne Gostisbehere.
15:57 of 3rd period - Matt Duchene wins face-off versus Alexander Kerfoot in Islanders zone.
16:27 of 3rd period - Alexander Kerfoot is hit by Justin Holl and loses puck.
17:06 of 3rd period - Shot by Valeri Nichushkin.
17:06 of 3rd period - Shot Misses the Net.
17:08 of 3rd period - Shot by Ryan O'Reilly.
17:08 of 3rd period - Stopped by Ville Husso without a rebound.
17:09 of 3rd period - Connor McDavid wins face-off versus Brendan Gaunce in Islanders zone.
17:55 of 3rd period - Shot by Evgeny Kuznetsov.
17:55 of 3rd period - Stopped by Elvis Merzlikins without a rebound.
17:56 of 3rd period - Ryan O'Reilly wins face-off versus Jean-Gabriel Pageau in Canadiens zone.
17:56 of 3rd period - Ryan O'Reilly is hit by Jean-Gabriel Pageau.
18:02 of 3rd period - Jean-Gabriel Pageau is hit by Valeri Nichushkin and loses puck.
18:33 of 3rd period - Shot by Mason Marchment.
18:33 of 3rd period - Stopped by Elvis Merzlikins without a rebound.
18:34 of 3rd period - Lars Eller wins face-off versus Chandler Stephenson in Canadiens zone.
18:47 of 3rd period - Islanders, Ville Husso is pulled from the net.
19:26 of 3rd period - Shot by Jake Guentzel.
19:26 of 3rd period - Shot Blocked by Daniel Sprong.
19:32 of 3rd period - Shot by Connor McDavid.
19:32 of 3rd period - Stopped by Elvis Merzlikins with a rebound.
19:34 of 3rd period - Shot by Shayne Gostisbehere.
19:34 of 3rd period - Stopped by Elvis Merzlikins without a rebound.
19:35 of 3rd period - Ryan O'Reilly wins face-off versus Connor McDavid in Canadiens zone.
19:56 of 3rd period - Shot by Artturi Lehkonen.
19:56 of 3rd period - Shot Misses the Net.
Goals for this period are 1 for Islanders vs 0 for Canadiens.
Shots for this period are 16 for Islanders vs 5 for Canadiens.